Get step-by-step instructions on how to execute this build order below. Start the game timer, and the build order will tick by so you can play in parallel with StarCraft on a second screen or mobile device.

Game Time

  0:00

Last Step

  N/A

Next Step

Upcoming Step



Don't want to look back and forth between 2 screens? Try out our Overwolf App, the Spawning Tool Build Advisor to get an in-game overlay with this build!

Complete Build Order

  12  0:20  Pylon  
  12  0:23  Probe (Chrono Boost)  
  13  0:32  Probe (Chrono Boost)  
  14  0:37  Probe (Chrono Boost)  
  15  0:43  Gateway  
  15  0:49  Probe  
  16  0:50  Assimilator  
  16  1:01  Probe  
  17  1:23  Nexus  
  17  1:24  Probe  
  18  1:42  Cybernetics Core  
  18  1:47  Probe  
  18  1:49  Assimilator  
  19  1:57  Pylon  
  19  2:06  Pylon  
  19  2:27  Stargate  
  19  2:28  Probe (Chrono Boost)  
  21  2:40  Probe (Chrono Boost)  
  21  2:41  Probe (Chrono Boost)  
  22  2:44  Probe (Chrono Boost)  
  22  2:48  Probe  
  22  2:50  Assimilator  
  24  2:55  Probe  
  25  3:00  Stargate  
  25  3:01  Probe  
  26  3:08  Shield Battery  
  26  3:09  Probe  
  27  3:13  Probe  
  28  3:20  Pylon  
  28  3:24  Probe (Chrono Boost)  
  28  3:26  Probe (Chrono Boost)  
  30  3:36  Probe (Chrono Boost)  
  30  3:38  Probe (Chrono Boost)  
  32  3:43  Pylon  
  32  3:44  Probe x2 (Chrono Boost)  
  34  3:50  Probe  
  34  3:52  Probe  
  37  4:02  Probe  
  37  4:04  Probe  
  42  4:11  Assimilator  
  42  4:13  Void Ray (Chrono Boost)  
  42  4:15  Probe  
  42  4:16  Probe  
  44  4:23  Void Ray (Chrono Boost)  
  48  4:37  Probe x2  
  50  4:38  Shield Battery  
  50  4:40  Shield Battery  
  54  4:49  Void Ray, Probe  
  55  4:53  Cybernetics Core  
  55  4:57  Probe  
  56  5:01  Protoss Air Weapons Level 1 (Chrono Boost), Probe  
  56  5:03  Pylon  
  56  5:04  Pylon  
  61  5:31  Void Ray x2 (Chrono Boost)  
  65  5:41  Probe  
  66  5:43  Fleet Beacon  
  66  5:48  Nexus  
  66  5:49  Probe  
  67  5:59  Protoss Air Armor Level 1 (Chrono Boost)  
  67  6:04  Stargate  
  67  6:13  Probe  
  68  6:22  Pylon  
  68  6:24  Pylon  
  68  6:26  Pylon  
  76  6:34  Flux Vanes  
  76  6:37  Probe x2  
  76  6:38  Void Ray x2  
  78  6:49  Probe x2  
  80  6:56  Shield Battery  
  80  6:59  Shield Battery  
  80  7:01  Probe x2  
  82  7:03  Assimilator  
  82  7:05  Probe  
  82  7:07  Assimilator  
  83  7:09  Shield Battery  
  83  7:11  Shield Battery  
  83  7:13  Probe x2  
  83  7:14  Shield Battery  
  85  7:16  Stargate  
  85  7:17  Probe  
  85  7:18  Shield Battery  
  90  7:39  Protoss Air Weapons Level 2  
  90  7:42  Shield Battery  
  90  7:43  Probe x3  
  93  7:44  Shield Battery  
  93  7:49  Pylon  
  93  8:00  Carrier x3 (Chrono Boost)  
  107  8:56  Nexus  
  107  8:59  Pylon  
  107  9:01  Pylon  
  107  9:03  Pylon  
  107  9:10  Pylon  
  107  9:19  Shield Battery  
  113  9:25  Pylon  
  113  9:27  Probe x2  
  113  9:29  Carrier (Chrono Boost)  
  113  9:30  Pylon  
  115  9:32  Carrier (Chrono Boost)  
  127  9:47  Carrier (Chrono Boost)  
  127  9:52  Protoss Air Armor Level 2 (Chrono Boost)  
  127  10:24  Carrier, Shield Battery  
  127  10:25  Shield Battery  
  127  10:26  Carrier  
  127  10:27  Shield Battery  
  139  10:32  Unknown  
  139  10:37  Nexus  
  139  10:47  Protoss Air Weapons Level 3 (Chrono Boost)  
  138  11:03  Carrier x2  
  150  11:26  Nexus  
  150  11:52  Carrier  
  156  12:00  Pylon  
  156  12:02  Pylon  
  156  12:03  Pylon  
  156  12:06  Pylon  
  156  12:08  Pylon  
  156  12:09  Assimilator  
  156  12:14  Assimilator  
  156  12:18  Carrier  
  156  12:20  Carrier  
  167  13:05  Nexus  
  167  13:10  Carrier x2  
  179  13:23  Carrier  
  179  13:25  Carrier